 Dungeon Sprint DCSS version 0.30-a0-222-ge547ba4400 (webtiles) character file.

Game seed: 3226672957885136241

2391 tbh1313 the Bludgeoner (level 9, -5/120 HPs)
             Began as a Troll Berserker on Oct 9, 2022.
             Was a Priest of Trog.
             Slain by a deep troll (12 damage)
             ... in the Dungeon (Sprint I: "Red Sonja").
             The game lasted 00:02:12 (435 turns).

tbh1313 the Bludgeoner (Troll Berserker)             Turns: 435, Time: 00:02:13

Health: -5/120     AC:  6    Str: 27    XL:     9   Next: 22%
Magic:  8/8        EV: 10    Int:  7    God:    Trog [***...]
Gold:   422        SH:  0    Dex:  9    Spells: 8/8 levels left

rFire   . . .      SeeInvis .    j - +0 giant spiked club
rCold   . . .      Faith    .    (shield currently unavailable)
rNeg    . . .      Spirit   .    a - +2 robe {Will+}
rPois   .          Reflect  .    (helmet restricted)
rElec   .          Harm     .    (no cloak)
rCorr   .          Rampage  .    (gloves unavailable)
Will    +++..      NoTele   +    (boots unavailable)
Stlth   ..........               (no amulet)
HPRegen 2.20/turn                (no ring)
MPRegen 0.11/turn                (no ring)

@: berserking, strong-willed, regenerating, very quick
A: large, unfitting armour, claws 3, regeneration 1, shaggy fur 1, tough skin 1
a: Renounce Religion, Berserk, Trog's Hand


You were in the Dungeon.
You worshipped Trog.
Trog was most pleased with you.
You visited 1 branch You collected 422 gold pieces.

Inventory:

Hand Weapons
 j - a +0 giant spiked club (weapon)
Armour
 a - a +2 robe of willpower (worn)
Wands
 i - a wand of flame (25)
Scrolls
 b - a scroll of identify {unknown}
 h - a scroll of enchant weapon {unknown}
Potions
 c - a potion of curing
 d - 2 potions of heal wounds
 e - a potion of haste
 f - 2 potions of magic
 g - a potion of berserk rage


   Skills:
 - Level 2.4 Fighting
 + Level 19.0 Maces & Flails
 - Level 2.4 Dodging


You had 8 spell levels left.
You didn't know any spells.
Your spell library was empty.

Dungeon Overview and Level Annotations

Branches:
Dungeon (1/1)

Altars:
Cheibriados
Dithmenos
Elyvilon
Fedhas
Gozag
Hepliaklqana
Kikubaaqudgha
Makhleb
Nemelex Xobeh
Okawaru
Qazlal
Ru
Sif Muna
Trog
Uskayaw
Vehumet
Wu Jian
Xom
Yredelemnul
Zin
The Shining One
Jiyva
Lugonu

Shops:
D [


Innate Abilities, Weirdness & Mutations

You are too large for most types of armour.
You have claws for hands.
Your natural rate of healing is unusually fast.
You are covered in fur. (AC +1)
You have tough skin. (AC +1)


Message History

Things that are here:
a +0 shortbow; a centaur corpse
Things that are here:
a +0 shortbow; a centaur corpse You enter the shallow water.
Moving in this stuff is going to be slow.
You recover from your berserk rage.
You open the door.
Found 5 stones and 3 poisoned darts.
Found a scroll labelled VYECODGH LAYFU and a potion of heal wounds.
There is an open door here.
You see here 5 stones.
h - a scroll labelled VYECODGH LAYFU
d - 2 potions of heal wounds (gained 1)
You open the door.
A deep troll comes into view.
The deep troll shouts!
Found 54 gold pieces.
Your skin crawls.
You feel strong-willed. The deep troll bites you!
The deep troll closely misses you. The deep troll barely misses you.
You fail to use your ability.
The deep troll bites you!
The deep troll claws you but does no damage.
The deep troll claws you.
You fail to use your ability.
The deep troll bites you! The deep troll claws you. The deep troll claws you!
Your ogre goes berserk!
You can no longer call in reinforcements.
The deep troll bites you!!
* * * LOW HITPOINT WARNING * * *
The deep troll claws you!
* * * LOW HITPOINT WARNING * * *
The deep troll claws you.
* * * LOW HITPOINT WARNING * * *
A red film seems to cover your vision as you go berserk!
You feel yourself moving faster!
You feel mighty! The deep troll bites you.
* * * LOW HITPOINT WARNING * * *
The deep troll claws you!
You die...

.#..)..#.['..#__#..'.).#
.').#..'..#..'..'..#)..#
.#####'#####'#__####...+
.####..#...#.####§)#####
.#__####..##.#~§~.)#
.#_____##'#_.§§~~..+
⌠#_.∩...†..._#§§~.)#
##_..__##_.#'##O####
#_____###+#[#((@.#
####### ####T### $$.
####


You could see a deep troll (ally target) and a friendly ogre (summoned,
berserk).

Levels and vault maps discovered:
D:        dungeon_sprint_1 [red_sonja_temple_1, red_sonja_temple_small_1]

Notes
Turn   | Place    | Note
-------+----------+-------------------------------------------
     0 | D        | tbh1313 the Troll Berserker began the quest for the Orb.
     0 | D        | Reached XP level 1. HP: 22/22 MP: 0/0
     1 | D        | Noticed Ijyb
     8 | D        | Killed Ijyb
     9 | D        | Reached skill level 5 in Maces & Flails
     9 | D        | Reached XP level 2. HP: 29/29 MP: 1/1
    44 | D        | Noticed an ogre
    49 | D        | Killed an ogre
    50 | D        | Reached skill level 8 in Maces & Flails
    50 | D        | Reached XP level 3. HP: 36/36 MP: 2/2
    50 | D        | Reached XP level 4. HP: 44/44 MP: 3/3
   107 | D        | Noticed Sigmund
   112 | D        | Killed Sigmund
   112 | D        | Reached ** piety under Trog
   113 | D        | Reached skill level 11 in Maces & Flails
   113 | D        | Reached XP level 5. HP: 50/50 MP: 4/4
   168 | D        | Found an ornate altar of the Wu Jian Council.
   168 | D        | Found a shimmering blue altar of Sif Muna.
   170 | D        | Found a radiant altar of Vehumet.
   175 | D        | Reached skill level 12 in Maces & Flails
   175 | D        | Reached XP level 6. HP: 58/59 MP: 5/5
   203 | D        | Found Xybim's Armour Emporium.
   203 | D        | Found an ancient bone altar of Kikubaaqudgha.
   203 | D        | Found a hazy altar of Hepliaklqana.
   203 | D        | Found a stormy altar of Qazlal.
   203 | D        | Found a hide-covered altar of Uskayaw.
   203 | D        | Found a blossoming altar of Fedhas.
   203 | D        | Found a bloodstained altar of Trog.
   203 | D        | Found an iron altar of Okawaru.
   203 | D        | Found a basalt altar of Yredelemnul.
   203 | D        | Found a glowing golden altar of the Shining One.
   203 | D        | Found a snail-covered altar of Cheibriados.
   203 | D        | Found a sacrificial altar of Ru.
   203 | D        | Found a glowing silver altar of Zin.
   203 | D        | Found a shadowy altar of Dithmenos.
   203 | D        | Found a white marble altar of Elyvilon.
   203 | D        | Noticed a yak
   206 | D        | Killed a yak
   207 | D        | Reached skill level 13 in Maces & Flails
   207 | D        | Found an opulent altar of Gozag.
   208 | D        | Found a sparkling altar of Nemelex Xobeh.
   223 | D        | Found a viscous altar of Jiyva.
   223 | D        | Found a corrupted altar of Lugonu.
   223 | D        | Noticed a slime creature
   224 | D        | Found a burning altar of Makhleb.
   224 | D        | Found a shimmering altar of Xom.
   229 | D        | Killed a slime creature
   230 | D        | Reached skill level 14 in Maces & Flails
   230 | D        | Reached XP level 7. HP: 20/66 MP: 6/6
   282 | D        | Noticed a kobold demonologist
   282 | D        | Noticed a kobold demonologist
   286 | D        | Noticed a chaos spawn
   289 | D        | Killed a kobold demonologist
   289 | D        | Reached *** piety under Trog
   290 | D        | Reached skill level 15 in Maces & Flails
   295 | D        | Killed a kobold demonologist
   295 | D        | Reached **** piety under Trog
   296 | D        | Reached skill level 16 in Maces & Flails
   296 | D        | Reached XP level 8. HP: 74/74 MP: 7/7
   355 | D        | Noticed a centaur warrior
   355 | D        | Noticed a centaur warrior
   363 | D        | Killed a centaur warrior
   364 | D        | Reached skill level 18 in Maces & Flails
   368 | D        | Killed a centaur warrior
   369 | D        | Reached skill level 19 in Maces & Flails
   369 | D        | Reached XP level 9. HP: 14/80 MP: 8/8
   430 | D        | Noticed a deep troll
   434 | D        | HP: 7/80 [deep troll (10)]
   435 | D        | Slain by a deep troll

Table legend: (Time is in decaauts)
 A = Elapsed time spent in this place.
 B = Non-inter-level travel time spent in this place.
 C = Inter-level travel time spent in this place.
 D = Time resting spent in this place.
 E = Time spent auto-exploring this place.
 F = Levels seen in this place.
 G = Mean time per level.
                   A        B        C        D        E       F      G
               +--------+--------+--------+--------+--------+-----+--------+
         Total |    491 |    491 |      0 |    294 |     23 |   1 |  491.0 |
       Dungeon |    491 |    491 |      0 |    294 |     23 |   1 |  491.0 |
               +--------+--------+--------+--------+--------+-----+--------+

Top non-repeatable levels by time:
       D: 491 daAuts

Table legend:
 A = Kills in this place as a percentage of kills in entire the game.
 B = Kills by you in this place as a percentage of kills by you in the entire game.
 C = Kills by friends in this place as a percentage of kills by friends in the entire game.
 D = Other kills in this place as a percentage of other kills in the entire game.
 E = Experience gained in this place as a percentage of experience gained in the entire game.
 F = Experience gained in this place divided by the number of levels of this place that you have seen.
                   A       B       C       D       E      F
               +-------+-------+-------+-------+-------+----------------------
         Total | 100.0 | 100.0 |   N/A |   N/A | 100.0 | 3417.0
       Dungeon | 100.0 | 100.0 |   N/A |   N/A | 100.0 | 3417.0
               +-------+-------+-------+-------+-------+----------------------

Action                   |  1- 3 |  4- 6 |  7- 9 || total
-------------------------+-------+-------+-------++-------
Melee: Mace              |     9 |       |       ||     9
       Giant spiked club |       |    11 |    21 ||    32
Invok: Berserk           |     2 |     1 |     3 ||     6
       Trog's Hand       |       |       |     1 ||     1
       Brothers in Arms  |       |       |     1 ||     1
  Use: Scroll            |       |       |     1 ||     1
Armor: Animal skin       |     1 |       |       ||     1
       Robe              |       |     2 |    23 ||    25
Dodge: Dodged            |     3 |     3 |    14 ||    20

Vanquished Creatures
  2 centaur warriors (D)
  2 kobold demonologists (D)
  A slime creature (D)
  Sigmund (D)
  A yak (D)
  A floating eye (D)
  An ogre (D)
  A jelly (D)
  Ijyb (D)
11 creatures vanquished.
